 Dungeon Crawl Stone Soup version 0.20.1-1-g8b1a95d (webtiles) character file.

195 vishdafish the Poker (level 5, 0/35 HPs)
             Began as a Demonspawn Skald on July 3, 2017.
             Was an Initiate of Hepliaklqana.
             Slain by a quokka (3 damage)
             ... on level 2 of the Dungeon.
             The game lasted 00:06:27 (1945 turns).

vishdafish the Poker (Demonspawn Skald)             Turns: 1945, Time: 00:06:28

Health: 0/35       AC:  3    Str: 12      XL:     5   Next: 45%
Magic:  17/17      EV: 12    Int: 13 (15) God:    Hepliaklqana [......]
Gold:   148        SH:  0    Dex: 11 (12) Spells: 7/8 levels left

rFire    + . .     SeeInvis +   a - +0 spear
rCold    . . .     Gourm    .   (no shield)
rNeg     . . .     Faith    .   b - +0 leather armour
rPois    .         Spirit   .   (no helmet)
rElec    .         Reflect  .   (no cloak)
rCorr    .         Harm     .   (no gloves)
MR       .....                  (no boots)
Stlth    ++........             m - amulet of regeneration
Regen    0.6/turn               n - ring of magical power
MPRegen  0.2/turn               g - ring of see invisible

@: no status effects
A: reduced essence, fire resistance 1, powered by pain 1, sturdy frame 1
a: Recall Ancestor, Ancestor Identity, Renounce Religion


You were on level 2 of the Dungeon.
You worshipped Hepliaklqana.
Hepliaklqana was noncommittal.
You were hungry.

You visited 1 branch of the dungeon, and saw 3 of its levels.

You collected 148 gold pieces.

Inventory:

Hand Weapons
 a - a +0 spear (weapon)
Armour
 b - a +0 leather armour (worn)
Jewellery
 g - a ring of see invisible (right hand)
 m - an amulet of regeneration (around neck)
 n - a ring of magical power (left hand)
Wands
 i - a wand of polymorph (11/24)
Scrolls
 e - 4 scrolls of identify {unknown}
 f - a scroll of magic mapping {unknown}
 j - a scroll of teleportation {unknown}
 l - a scroll of immolation {unknown}
 o - a scroll of random uselessness {unknown}
 q - a scroll of fog {unknown}
 r - a scroll of remove curse {unknown}
 s - a scroll of recharging {unknown}
 u - 2 scrolls of enchant weapon {unknown}
Potions
 h - a potion of heal wounds
Books
 c - a book of Battle

   Spells                             Type                      Level
   a - Infusion                       Charms                       1
   b - Shroud of Golubria             Charms/Translocation         2
   c - Song of Slaying                Charms                       2
   d - Spectral Weapon                Hexes/Charms                 3
   e - Regeneration                   Charms/Necromancy            3
Comestibles
 d - a bread ration
 k - a meat ration


   Skills:
 + Level 2.5 Fighting
 + Level 3.1 Polearms
 + Level 2.2 Armour
 + Level 2.5 Dodging
 + Level 1.8 Stealth
 + Level 2.1 Spellcasting
 + Level 3.0 Charms


You had 7 spell levels left.
You knew the following spells:

 Your Spells              Type           Power        Failure   Level  Hunger
a - Infusion              Chrm           #...         8%          1    ##.....


Dungeon Overview and Level Annotations

Branches:
Dungeon (3/15)

Altars:
Ashenzari
Hepliaklqana
Ru


Innate Abilities, Weirdness & Mutations

Your flesh is heat resistant. (rF+)
You sometimes gain a little power by taking damage.
Your movements are slightly less encumbered by armour. (ER -2)
Your life essence is reduced to manifest your ancestor. (-10% HP)


Message History

The giant cockroach misses you. The quokka barely misses you.
You hit the quokka but do no damage. The giant cockroach closely misses you.
The quokka completely misses you.
You hit the quokka but do no damage. The giant cockroach closely misses you.
The quokka misses you.
You hit the quokka but do no damage. The giant cockroach closely misses you.
The quokka bites you.
* * * LOW HITPOINT WARNING * * *
You barely miss the quokka.
The giant cockroach bites you but does no damage.
The quokka bites you.
* * * LOW HITPOINT WARNING * * *
You hit the quokka.
The quokka is almost dead.
The giant cockroach closely misses you. The quokka bites you.
* * * LOW HITPOINT WARNING * * *
You hit the quokka but do no damage.
The quokka is almost dead.
The giant cockroach closely misses you. The quokka bites you.
You die...

#......####. #......#
#. #......# #. #......#
#. #......####.
#################......
#..........# #......
#....s.....# #......
#.....@....# #......
#...........# #......
#..........# #......
#..........######......
#......................
#.................#####
##########........# #
#........# #


You could see a quokka and a giant cockroach.

Vanquished Creatures
  A bullfrog (D:2)
  3 adders
  An ooze (D:2)
  2 worms (D:2)
  A dart slug (D:2)
  3 orcs (D:2)
  A giant cockroach (D:2)
  7 goblins
  A hobgoblin (D:1)
  A jackal (D:2)
  5 bats
  A frilled lizard (D:2)
  6 kobolds
  6 rats
39 creatures vanquished.

Vanquished Creatures (collateral kills)
  An orc wizard (D:2)
  An adder (D:2)
  A worm (D:2)
  3 orcs (D:3)
  A goblin (D:2)
  A hobgoblin (D:2)
  3 jackals (D:2)
  2 kobolds
13 creatures vanquished.

Vanquished Creatures (others)
  An ancestor (D:2)
1 creature vanquished.

Grand Total: 53 creatures vanquished

Notes
Turn   | Place    | Note
-------+----------+-------------------------------------------
     0 | D:1      | vishdafish the Demonspawn Skald began the quest for the Orb.
     0 | D:1      | Reached XP level 1. HP: 16/16 MP: 3/3
   199 | D:1      | Gained mutation: Your flesh is heat resistant. (rF+) [demonic ancestry]
   199 | D:1      | Reached XP level 2. HP: 22/22 MP: 5/5
   353 | D:1      | Reached skill level 1 in Armour
   777 | D:2      | Reached XP level 3. HP: 26/27 MP: 6/6
   885 | D:2      | Found a sacrificial altar of Ru.
   885 | D:2      | Found a shattered altar of Ashenzari.
   944 | D:2      | Found a hazy altar of Hepliaklqana.
   968 | D:2      | Became a worshipper of Hepliaklqana the Forgotten
  1578 | D:2      | Reached skill level 1 in Stealth
  1578 | D:2      | Gained mutation: You sometimes gain a little power by taking damage. [demonic ancestry]
  1578 | D:2      | Reached XP level 4. HP: 29/29 MP: 7/7
  1732 | D:3      | Noticed a bullfrog
  1788 | D:2      | Killed a bullfrog
  1788 | D:2      | Gained mutation: Your movements are slightly less encumbered by armour. (ER -2) [demonic ancestry]
  1788 | D:2      | Reached XP level 5. HP: 12/35 MP: 6/8
  1945 | D:2      | Slain by a quokka

Skill      XL: |  1  2  3  4 |
---------------+-------------+-----
Polearms       | 2 3 |  3.1
Dodging        | 2 |  2.5
Armour         | 1 2 |  2.2
Charms         | 3 |  3.0
Stealth        | 1 |  1.8
Fighting       | |  2.5
Spellcasting   | |  2.1

Action                   |  1- 3 |  4- 6 || total
-------------------------+-------+-------++-------
Melee: Spear             |   171 |    64 ||   235
Invok: Recall Ancestor   |       |     1 ||     1
  Use: Potion            |       |     3 ||     3
 Stab: Distracted        |     4 |     1 ||     5
  Eat: Chunk             |     2 |     1 ||     3
Armor: Leather armour    |    27 |    13 ||    40
Dodge: Dodged            |    87 |    81 ||   168
